 Dungeon Crawl Stone Soup version 0.29-a0-1061-gbc57f8fbdb (webtiles) character file.

Game seed: 12401753537426858072

81 BritishOli the Trooper (level 4, -2/36 HPs)
             Began as a Demonspawn Fighter on Aug 18, 2022.
             Slain by a howler monkey (3 damage)
             ... on level 6 of the Dungeon.
             The game lasted 00:02:58 (3084 turns).

BritishOli the Trooper (Demonspawn Fighter)         Turns: 3084, Time: 00:02:59

Health: -2/36      AC:  6    Str: 18    XL:     4   Next: 20%
Magic:  4/4        EV:  9    Int:  9    God:
Gold:   98         SH: 10    Dex: 13    Spells: 3/3 levels left

rFire   . . .      SeeInvis .   a - +0 long sword
rCold   . . .      Faith    .   c - +0 buckler
rNeg    . . .      Spirit   .   b - +0 scale mail
rPois   .          Reflect  .   (no helmet)
rElec   .          Harm     .   (no cloak)
rCorr   .          Rampage  .   (no gloves)
Will    .....                   (no boots)
Stlth   ..........              (no amulet)
HPRegen 0.12/turn               (no ring)
MPRegen 0.09/turn               (no ring)

@: flying
A: large bone plates 2
a: no special abilities


You were on level 6 of the Dungeon.
You visited 1 branch of the dungeon, and saw 5 of its levels.

You collected 98 gold pieces.

Inventory:

Hand Weapons
 a - a +0 long sword (weapon)
Missiles
 l - 3 silver javelins (quivered)
Armour
 b - a +0 scale mail (worn)
 c - a +0 buckler (worn)
Jewellery
 e - a ring of ice
 h - a ring of resist corrosion
Scrolls
 f - 2 scrolls of identify {unknown}
 g - a scroll of magic mapping {unknown}
 i - a scroll of amnesia {unknown}
 k - a scroll of teleportation {unknown}
 m - 3 scrolls of blinking {unknown}
 n - 2 scrolls of fear {unknown}
Potions
 d - a potion of might
 j - 2 potions of flight
 o - a potion of heal wounds {unknown}
 p - a potion of degeneration {unknown}
 q - a potion of brilliance {unknown}


   Skills:
 + Level 3.6 Fighting
 + Level 2.5 Long Blades
 + Level 3.2 Armour
 + Level 3.2 Shields


You had 3 spell levels left.
You didn't know any spells.
Your spell library contained the following spells:

 Spells                   Type           Power      Damage    Failure   Level
 Sublimation of Blood     Necr           0%         N/A       94%         2
 Wereblood                Tmut           0%         N/A       94%         2
 Portal Projectile        Hex/Tloc       0%         N/A       99%         3
 Tukima's Dance           Hex            0%         N/A       99%         3
 Blade Hands              Tmut           0%         N/A       100%        5
 Summon Hydra             Summ           0%         N/A       100%        7


Dungeon Overview and Level Annotations

Branches:
Dungeon (6/15)             Temple (0/1) D:6

Altars:


Innate Abilities, Weirdness & Mutations

You are mostly covered in large bone plates. (SH +6)


Message History

The howler monkey hits you.
The howler monkey attacks as you move away!
You block the howler monkey's attack.
The howler monkey hoots and howls with incredible vigour!
Found a stone staircase leading down.
The howler monkey attacks as you move away!
You block the howler monkey's attack.
The howler monkey attacks as you move away!
The howler monkey hits you but does no damage.
The howler monkey attacks as you move away!
The howler monkey hits you.
* * * LOW HITPOINT WARNING * * *
The howler monkey attacks as you move away!
The howler monkey hits you.
* * * LOW HITPOINT WARNING * * *
The howler monkey hoots and howls with incredible vigour!
You hear a shout! x2
There is a stone staircase leading down here.
You block the howler monkey's attack.
You climb downwards.
Found a scroll labelled GAGEN TEULU and 5 gold pieces.
Found a staircase to the Ecumenical Temple and a stone staircase leading down.
There is a stone staircase leading up here.
Okay, then.
The howler monkey hits you.
* * * LOW HITPOINT WARNING * * *
The howler monkey hits you.
* * * LOW HITPOINT WARNING * * *
A bullfrog and a scorpion come into view.
The bullfrog croaks.
The howler monkey hoots and howls with incredible vigour!
The scorpion attacks as you move away! You block the scorpion's attack.
Found 12 gold pieces.
The howler monkey hits you.
* * * LOW HITPOINT WARNING * * *
The scorpion stings you but does no damage.
Okay, then.
It was a potion of flight.
You feel very buoyant.
You fly up into the air.
The howler monkey hits you.
You die...

.##... ##.......
#..... .?#....
..>..##.....
....#..#.# .#
..##s#..# ...#
#.#n..<###
#...#.#......##
#.....sh......#
##.#.#.@.......#
#...........#
#.............#
###...........#
#...........#
............#
#...........#
.$..........#


You could see a necrophage, 2 scorpions and a howler monkey (catching breath).

Vanquished Creatures
  An adder (D:3)
  2 worms
  A dart slug (D:2)
  6 ball pythons
  6 endoplasms
  6 giant cockroaches
  5 goblins
  5 hobgoblins
  7 jackals
  2 quokkas
  5 bats
  A frilled lizard (D:2)
  5 kobolds
  3 rats
55 creatures vanquished.

Notes
Turn   | Place    | Note
-------+----------+-------------------------------------------
     0 | D:1      | BritishOli the Demonspawn Fighter began the quest for the
                  | Orb.
     0 | D:1      | Reached XP level 1. HP: 18/18 MP: 1/1
   289 | D:1      | Gained mutation: You are partially covered in large bone
                  | plates. (SH +4) [demonic ancestry]
   289 | D:1      | Reached XP level 2. HP: 17/24 MP: 2/2
  1008 | D:1      | Reached XP level 3. HP: 29/29 MP: 3/3
  2093 | D:2      | Found a faded altar of an unknown god.
  2648 | D:3      | Gained mutation: You are mostly covered in large bone
                  | plates. (SH +6) [demonic ancestry]
  2648 | D:3      | Reached XP level 4. HP: 24/35 MP: 4/4
  2971 | D:3      | You fall into a shaft and drop 2 floors!
  2971 | D:5      | Entered Level 5 of the Dungeon
  2978 | D:5      | Noticed an ogre
  3032 | D:5      | Noticed an ice beast
  3078 | D:6      | Noticed a necrophage
  3078 | D:6      | Noticed a scorpion
  3078 | D:6      | Found a staircase to the Ecumenical Temple.
  3080 | D:6      | HP: 1/36 [howler monkey (3)]
  3082 | D:6      | Noticed a bullfrog
  3082 | D:6      | Noticed a scorpion
  3084 | D:6      | Slain by a howler monkey

Illustrated notes

Levels and vault maps discovered:
D:1:      dpeg_arrival_tiny_i, layout_rooms
D:2:      layout_basic, dreamdust_ecumenical_altar_hidden_monk_grotto
D:3:      layout_loops_ring, small_statue_intersection, minmay_crystal_water,
          corexii_shack
D:5:      layout_loops_ring, serial_shops, nicolae_shop_waterfront
D:6:      hangedman_cross_stitches, layout_cave_pods,
          minmay_temple_entry_slanted

Skill      XL: |  1  2 |
---------------+-------+-----
Long Blades    | 2 |  2.5
Armour         | 3 |  3.2
Shields        | 3 |  3.2
Fighting       | |  3.6

Action                   |  1- 3 |  4- 6 || total
-------------------------+-------+-------++-------
Melee: Long sword        |   189 |    24 ||   213
  Use: Potion            |       |     1 ||     1
Armor: Scale mail        |    77 |    14 ||    91
Dodge: Dodged            |    96 |    10 ||   106
Block: Buckler           |    90 |    33 ||   123

Table legend: (Time is in decaauts)
 A = Elapsed time spent in this place.
 B = Non-inter-level travel time spent in this place.
 C = Inter-level travel time spent in this place.
 D = Time resting spent in this place.
 E = Time spent auto-exploring this place.
 F = Levels seen in this place.
 G = Mean time per level.
                   A        B        C        D        E       F      G
               +--------+--------+--------+--------+--------+-----+--------+
         Total |   3153 |   3085 |     68 |    469 |   2055 |   5 |  630.6 |
       Dungeon |   3153 |   3085 |     68 |    469 |   2055 |   5 |  630.6 |
               +--------+--------+--------+--------+--------+-----+--------+

Top non-repeatable levels by time:
     D:2: 1407 daAuts
     D:1: 1289 daAuts
     D:3: 344 daAuts
     D:5: 106 daAuts
     D:6: 5 daAuts
